Cool Beans, lawful female human Valkyrie ------------- ------ |...........-# |...^.############|...........|# |....| #|...........|# |(...| #|...........|# |..... #|...........|# -.-.-- #--.----------# ---------------- # ## ##### ################|...............# # # ### # #...............|# ###### # ##|..............|# # # # ----------------# ## ### # -------|---.- ----- # # ----- |.........<.| %..(.))##########################....| |...........| |..o| # # |...| |.........`.| |.Go@h# ###|...| |...........| |..\| #....| ------------- -... |...| ---- ----- Cool Beans the Fighter Experience level: 6 Strength: 18/03 Dexterity: 13 Constitution: 17 Intelligence: 8 Wisdom: 8 Charisma: 10 Health: 0(55) Energy: 15(15) AC: 2 Gold: 848 Moves: 1708 Your Inventory: Coins $ - 848 gold pieces Weapons a - an uncursed +1 long sword (alternate weapon; not wielded) b - 4 uncursed +0 daggers (in quiver) g - a cursed [+0] orcish dagger (weapon in hand) k - an [uncursed +0] orcish dagger l - 8 [uncursed +0] orcish arrows n - an [uncursed +0] sling p - a [cursed +0] dagger A - 9 [blessed +1] arrows [of detonation] Armor c - an uncursed +3 small shield (being worn) i - an [uncursed] +0 orcish helm m - an [uncursed] +0 orcish helm (being worn) t - an [uncursed] +1 leather armor (being worn) Potions f - an [uncursed] dark green potion [of gain level] h - an [uncursed] emerald potion [of full healing] o - an [uncursed] indigo potion [of monster detection] r - a [blessed] soapy potion [of object detection] s - a [cursed] brown potion [of healing] x - an [uncursed] clear potion [of water] C - an [uncursed] muddy potion [of invisibility] Tools j - an [uncursed] magic whistle v - an [uncursed] towel y - an [uncursed] looking glass [mirror] Gems B - 2 [uncursed] yellowish brown gems [worthless glass] Spells known in the end: Name Level Category Fail Memory Your skills at the end: Fighting Skills Weapon Skills dagger [Basic / Expert] long sword [Basic / Expert] Spellcasting Skills Final Attributes: You were devoutly aligned. Hunger level was 891. Your alignment was 17 / 18. Monster difficulty range was 0 - 5. Level difficulty was 5. You were immune to cold. You were stealthy. You were unlucky (-1). You are dead. Vanquished creatures: a rock piercer 2 gnome lords a little dog a floating eye 2 kittens a kobold shaman a giant bat a dwarf zombie a werejackal 2 acid blobs a gas spore a hobbit 3 manes a hobgoblin a giant rat 2 cave spiders 2 brown molds 4 gnomes 3 geckos a jackal a fox 2 goblins 2 grid bugs 2 lichens 3 newts 42 creatures vanquished. Voluntary challenges: You were an atheist. You used a wielded weapon 36 times. You read items or engraved 2 times. You put on armor 4 times. You never genocided any monsters. You never polymorphed an object. You never changed form. You used no wishes. You never wrote Elbereth's name. You never encountered a bones level. You never used any Sokoban shortcuts. Dungeon overview: The Dungeons of Doom: levels 1 to 5 Level 1 a fountain a long staircase Level 2 a fountain Level 3 a fountain a long staircase Level 5 <- You were here a throne History has recorded: On T:1 you entered the Dungeons of Doom to retrieve the Amulet of Yendor! On T:289 you advanced to experience level 2. On T:429 you reached level 2 of The Dungeons of Doom. On T:626 you advanced to experience level 3. On T:716 you reached level 3 of The Dungeons of Doom. On T:976 you advanced to experience level 4. On T:1105 you reached level 4 of The Dungeons of Doom. On T:1171 you advanced to experience level 5. On T:1384 you reached level 5 of The Dungeons of Doom. On T:1705 you advanced to experience level 6. Latest messages: The arrow misses the gnome. You are almost hit by an arrow. The hill orc hits! [HP-3=23] You kill the gnome! Welcome to experience level 6. [HP+11=34] You hit the hill orc! The hill orc hits! [HP-2=32] You hit the bugbear! The hobgoblin swings her bow. The hobgoblin hits! The bugbear thrusts his dagger. The bugbear hits! The hill orc hits! [HP-21=11] You hit the bugbear! The hobgoblin swings her bow. The hobgoblin misses. The bugbear thrusts his dagger. The bugbear hits! You die... Final status: Farvel Cool Beans the Valkyrie... You died in The Dungeons of Doom on dungeon level 5 with 2044 points, and 848 pieces of gold, after 1708 moves. You were level 6 with a maximum of 55 hit points when you died.